 Dungeon Crawl Stone Soup version 0.18.1-48-g4cf74bf (webtiles) character file.

11468 PossumBlood the Fighter (level 11, -2/90 HPs)
             Began as a High Elf Hunter on Aug 23, 2016.
             Was a High Priest of Okawaru.
             Slain by a spectral orc warrior
             ... wielding a +0 scimitar
             ... summoned by Nergalle
              (7 damage)
             ... on level 10 of the Dungeon.
             The game lasted 00:45:23 (13350 turns).

PossumBlood the Fighter (High Elf Hunter)          Turns: 13350, Time: 00:45:25

Health: -2/90      AC: 11    Str: 13 (16) XL:     11   Next: 49%
Magic:  12/12      EV: 10    Int: 15 (17) God:    Okawaru [*****.]
Gold:   462        SH:  5    Dex: 15 (18) Spells: 0 memorised, 10 levels left

rFire  . . .     SeeInvis .     a - +3 shortbow
rCold  . . .     Gourm    .     c - +1 leather armour
rNeg   + . .     Faith    .     (shield currently unavailable)
rPois  +         Spirit   .     m - +2 helmet
rElec  .         Dismiss  .     w - +0 cloak
rCorr  .         Reflect  +     f - +2 pair of gloves
SustAt .         Harm     .     (no boots)
MR     +....                    E - +5 amulet of reflection
Stlth  +.........               h - ring of flight
                                N - ring "Ojufam" {Wiz rPois rN+}

@: mighty, hasted, very heavily drained, very quick, somewhat resistant to
hostile enchantments, very unstealthy
A: no striking features
a: Heroism, Finesse, Renounce Religion, Evoke Flight


You were on level 10 of the Dungeon.
You worshipped Okawaru.
Okawaru was extremely pleased with you.
You were not hungry.

You visited 2 branches of the dungeon, and saw 11 of its levels.

You collected 462 gold pieces.

Inventory:

Hand Weapons
 a - a +3 shortbow (weapon)
 b - a +0 short sword
 x - the +6 trident of Valour {holy, Int+3}
   (You found it on level 4 of the Dungeon)

   It has been blessed by the Shining One to cause great damage to the undead
   and demons.
   It affects your intelligence (+3).
 K - the +12 Glaive of Prune {chop}
   (You found it on level 7 of the Dungeon)

   It inflicts extra damage upon your enemies.
Missiles
 d - 159 arrows (quivered)
Armour
 c - a +1 leather armour (worn)
 e - a +1 pair of gloves
 f - a +2 pair of gloves (worn)
 m - a +2 helmet (worn)
 w - a +0 cloak (worn)
Jewellery
 h - a ring of flight (right hand)
 u - an uncursed amulet of regeneration
 v - an uncursed amulet of the gourmand
 E - a +5 amulet of reflection (around neck)
 I - an uncursed amulet of guardian spirit
 N - the ring "Ojufam" (left hand) {Wiz rPois rN+}
   (You took it off a boggart on level 10 of the Dungeon)

   [ring of wizardry]

   It improves your spell success rate.
   It protects you from poison.
   It protects you from negative energy.
Wands
 q - a wand of confusion (46/48)
 s - a wand of flame (8/48)
 y - a wand of teleportation (7/9)
 A - a wand of teleportation (7/9)
 J - a wand of paralysis (13/24)
 L - a wand of slowing (28/48)
Scrolls
 o - 2 scrolls of amnesia
 M - 4 scrolls of remove curse
Potions
 g - a potion of flight
 i - a potion of might
 j - 2 potions of degeneration
 l - 2 potions of cancellation
 n - 3 potions of lignification
 r - a potion of haste
 t - a potion of agility {unknown}
 C - 3 potions of brilliance {unknown}
 D - a potion of ambrosia {unknown}
 H - a potion of cure mutation {unknown}
Books
 k - a book of Enchantments

   Spells                             Type                      Level
   a - Cause Fear                     Hexes                        4
   b - Yara's Violent Unravelling     Hexes/Transmutation          5
   c - Silence                        Hexes/Air                    5
   d - Deflect Missiles               Charms/Air                   6
   e - Haste                          Charms                       6
   f - Discord                        Hexes                        8
 O - a book of Fire

   Spells                             Type                      Level
   a - Ignite Poison                  Fire/Transmutation/Poison    3
   b - Fireball                       Conjuration/Fire             5
   c - Bolt of Fire                   Conjuration/Fire             6
   d - Delayed Fireball               Conjuration/Fire             7
   e - Ring of Flames                 Charms/Fire                  7
Comestibles
 p - a meat ration
 G - 4 royal jellies


   Skills:
 * Level 14.5(10.2) Fighting
 + Level 14.0(9.7) Bows
 - Level 2.1(0.0) Dodging
 - Level 1.1(0.0) Stealth


You had 10 spell levels left.
You didn't know any spells.

Dungeon Overview and Level Annotations

Branches:
Dungeon (10/15)            Temple (1/1) D:4            Lair (0/8) D:9
    Orc (0/2) D:10

Altars:
Ashenzari
Cheibriados
Dithmenos
Elyvilon
Fedhas
Gozag
Kikubaaqudgha
Makhleb
Nemelex Xobeh
Okawaru
Pakellas
Qazlal
Ru
Sif Muna
Trog
Vehumet
Xom
Yredelemnul
Zin
The Shining One

Annotations:
D:10 Nergalle


Message History

The spectral orc warrior hits you with a halberd.
* * * LOW HITPOINT WARNING * * *
The spectral orc warrior hits you with a mace.
* * * LOW HITPOINT WARNING * * *
Drink which item? (? for menu, Esc to quit)
It was a potion of degeneration.
There was something very wrong with that liquid.
You feel weakened.
You feel dopey.
You feel clumsy.
The spectral orc hits you but does no damage.
The spectral orc warrior hits you with a scimitar.
* * * LOW HITPOINT WARNING * * *
Drink which item? (? for menu, Esc to quit)
It was a potion of haste.
You feel yourself speed up.
Nergalle seems to regain her courage.
The spectral orc hits you but does no damage.
The spectral orc warrior barely misses you.
Nergalle begs for mercy.
The spectral orc warrior hits you but does no damage.
The spectral orc warrior hits you with a scimitar!
You die...

..# ##..# #.......## ###...)..
..## #..# #.......# ##.....##
...###..#####.....## ##......##
.8..##............# ##........#
....##...........## ##......##..
..#...........#..#####.o.#..## ..
..#.###..........##.....#...# #.
..#.# ##.........Z((.......## #
###.###.........@ZZ........#
#...##..........ZZ........##
...............)..........###..
..............((....(..........
............(.................#
#...........(.................#
#.............................#
#...............).............#
#..............................##


You could see Nergalle (fleeing), 2 spectral orcs and 3 spectral orc warriors.

Vanquished Creatures
  2 hill giants
  4 wizards (D:10)
  Psyche (D:8)
  A troll (D:10)
  A queen bee (D:10)
  A shadow (D:9)
  2 hungry ghosts (D:10)
  5 yaks (D:10)
  4 hippogriffs
  2 hell hounds (D:9)
  A water moccasin (D:8)
  An ice beast (D:7)
  An orc warrior (D:8)
  4 sky beasts
  2 black bears
  2 phantoms (D:10)
  4 ogres
  5 boggarts (D:10)
  8 centaurs
  2 big kobolds (D:9)
  The ghost of Anatei the Magician, an amateur DEFE (D:3)
  4 giant frogs (D:7)
  A gnoll sergeant (D:9)
  A troll zombie (D:10)
  2 scorpions (D:9)
  15 killer bees
  12 wights
  5 crimson imps
  A giant frog zombie (D:9)
  A quasit (D:7)
  A centaur zombie (D:6)
  11 hounds
  3 jellies
  2 orc priests
  Crazy Yiuf (D:7)
  A centaur skeleton (D:4)
  10 orc wizards
  A giant frog skeleton (D:4)
  4 iguanas
  8 worker ants
  7 ogre zombies (D:10)
  4 hound skeletons
  A worker ant zombie (D:10)
  8 adders
  15 gnolls
  An adder skeleton (D:8)
  An adder zombie (D:7)
  5 worms
  4 dart slugs
  8 giant geckos
  14 orcs
  A ball python (D:1)
  5 giant cockroaches
  13 goblins
  4 hobgoblins (D:2)
  7 jackals
  20 kobolds
  4 quokkas
  9 bats
  A giant gecko skeleton (D:6)
  9 giant newts
  A goblin skeleton (D:10)
  A goblin zombie (D:10)
  4 hobgoblin skeletons (D:10)
  3 hobgoblin zombies (D:10)
  A jackal skeleton (D:4)
  A jackal zombie (D:5)
  5 orc skeletons (D:10)
  11 orc zombies (D:10)
  A quokka zombie (D:6)
  10 rats
317 creatures vanquished.

Vanquished Creatures (others)
  A centaur (D:9)
  2 jackals (D:4)
3 creatures vanquished.

Grand Total: 320 creatures vanquished

Notes
Turn   | Place    | Note
--------------------------------------------------------------
     0 | D:1      | PossumBlood the High Elf Hunter began the quest for the Orb.
     0 | D:1      | Reached XP level 1. HP: 14/14 MP: 2/2
   116 | D:1      | Reached XP level 2. HP: 20/20 MP: 3/3
   763 | D:1      | Reached XP level 3. HP: 21/26 MP: 4/4
  2267 | D:2      | Reached XP level 4. HP: 28/33 MP: 5/5
  2526 | D:2      | Found a white marble altar of Elyvilon.
  3241 | D:3      | Noticed Anatei's ghost (amateur DEFE)
  3247 | D:3      | Reached XP level 5. HP: 32/38 MP: 6/6
  3264 | D:3      | Killed Anatei's ghost
  3264 | D:3      | Reached skill level 5 in Fighting
  3537 | D:3      | Found a shadowy altar of Dithmenos.
  3669 | D:4      | Reached XP level 6. HP: 45/45 MP: 7/7
  3741 | D:4      | Got an encrusted trident
  3756 | D:4      | Identified the +6 trident of Valour {holy, Int+3} (You found it on level 4 of the Dungeon)
  4192 | D:4      | Reached XP level 7. HP: 29/53 MP: 8/8
  4319 | D:4      | Found a staircase to the Ecumenical Temple.
  4329 | Temple   | Entered the Ecumenical Temple
  4435 | D:5      | Entered Level 5 of the Dungeon
  4667 | D:5      | Found an iron altar of Okawaru.
  4684 | D:5      | Became a worshipper of Warmaster Okawaru
  5012 | D:5      | Found a blossoming altar of Fedhas.
  5018 | D:5      | Reached XP level 8. HP: 56/61 MP: 9/9
  5080 | D:5      | Found a snail-covered altar of Cheibriados.
  5506 | D:6      | Reached * piety under Okawaru
  5699 | D:6      | Found a stormy altar of Qazlal.
  6198 | D:7      | Reached skill level 10 in Bows
  6333 | D:7      | Reached XP level 9. HP: 44/70 MP: 10/10
  6385 | D:7      | Reached skill level 10 in Fighting
  6486 | D:7      | You fall through a shaft for 3 floors!
  6486 | D:10     | Entered Level 10 of the Dungeon
  6517 | D:9      | Reached ** piety under Okawaru
  6691 | D:8      | Found a shimmering altar of Xom.
  7443 | D:7      | Noticed Crazy Yiuf
  7447 | D:7      | Killed Crazy Yiuf
  7609 | D:8      | Reached *** piety under Okawaru
  7678 | D:8      | Found an ancient bone altar of Kikubaaqudgha.
  7769 | D:8      | Received a gift from Okawaru
  7842 | D:8      | Noticed Psyche
  7853 | D:8      | Killed Psyche
  7853 | D:8      | Reached XP level 10. HP: 77/80 MP: 11/11
  8824 | D:9      | Noticed a hill giant
  8837 | D:9      | Killed a hill giant
  8837 | D:9      | Received a gift from Okawaru
  8909 | D:9      | Found a staircase to the Lair.
  9180 | D:9      | Found a glowing golden altar of the Shining One.
  9602 | D:10     | Reached **** piety under Okawaru
  9641 | D:10     | Received a gift from Okawaru
 10023 | D:10     | Found a staircase to the Orcish Mines.
 10549 | D:10     | Received a gift from Okawaru
 10672 | D:10     | Noticed a wizard
 10680 | D:10     | Killed a wizard
 10696 | D:10     | Noticed a wizard
 10701 | D:10     | Reached XP level 11. HP: 88/88 MP: 12/12
 10731 | D:10     | Killed a wizard
 10984 | D:10     | Noticed a wizard
 10995 | D:10     | Killed a wizard
 11445 | D:10     | Noticed a wizard
 11458 | D:10     | Killed a wizard
 11458 | D:10     | Reached ***** piety under Okawaru
 11467 | D:10     | Received a gift from Okawaru
 11613 | D:10     | Got a sparkling wooden ring
 11631 | D:10     | Identified the ring "Ojufam" {Wiz rPois rN+} (You took it off a boggart on level 10 of the Dungeon)
 12061 | D:10     | Noticed a hill giant
 12075 | D:10     | Killed a hill giant
 12203 | D:10     | Received a gift from Okawaru
 12625 | D:10     | Noticed Nergalle
 13341 | D:10     | HP: 4/90 [Nergalle/bolt of negative energy (15)]
 13349 | D:10     | HP: 4/90 [spectral orc warrior/scimitar[Nergalle] (5)]
 13350 | D:10     | Slain by a spectral orc warrior

Skill      XL: |  1  2  3  4  5  6  7  8  9 10 11 |
---------------+----------------------------------+-----
Fighting       | 3 4 5 6 7 9 11 13 14 | 14.5
Bows           | 6 7 8 10 11 13 14 | 14.0
Dodging        | |  2.1
Stealth        | |  1.1

Action                   |  1- 3 |  4- 6 |  7- 9 | 10-12 || total
-------------------------+-------+-------+-------+-------++-------
Melee: Short sword       |   192 |    48 |       |       ||   240
       Shortbow          |       |       |     2 |       ||     2
       Glaive            |       |       |       |     4 ||     4
 Fire: Shortbow          |       |   201 |   481 |   730 ||  1412
  Use: Scroll            |     6 |     7 |     7 |    13 ||    33
       Potion            |       |     4 |     5 |     9 ||    18
 Stab: Sleeping          |     3 |       |       |       ||     3
  Eat: Bread ration      |     1 |     1 |     2 |     2 ||     6
       Pizza             |       |     1 |     1 |       ||     2
       Fruit             |       |       |     1 |       ||     1
       Meat ration       |       |       |       |     1 ||     1
       Royal jelly       |       |       |       |     1 ||     1
Armor: Leather armour    |    61 |    67 |    69 |   138 ||   335
Dodge: Dodged            |   125 |   103 |   122 |   212 ||   562
Block: Other             |       |       |       |    93 ||    93
       Reflection        |       |       |       |     6 ||     6
